 Dungeon Crawl Stone Soup version 0.29.1-15-g9cfb28693d (webtiles) character file.

Game seed: 6004753380384353152

75 Heoruswealwe the Magician (level 4, 0/24 HPs)
             Began as a Deep Elf Earth Elementalist on Apr 20, 2023.
             Was a Follower of Dithmenos.
             Slain by a gnoll
             ... wielding a +0 whip
              (8 damage)
             ... on level 3 of the Dungeon.
             The game lasted 00:10:48 (1230 turns).

Heoruswealwe the Magician (DEEE)                    Turns: 1230, Time: 00:10:49

Health: 0/24       AC:  3    Str:  5    XL:     4   Next: 11%
Magic:  9/12       EV: 12    Int: 22    God:    Dithmenos [*.....]
Gold:   79         SH:  0    Dex: 15    Spells: 2/12 levels left

rFire   . . .      SeeInvis .   (no weapon)
rCold   . . .      Faith    .   (no shield)
rNeg    . . .      Spirit   .   c - +0 robe
rPois   .          Reflect  .   (no helmet)
rElec   .          Harm     .   (no cloak)
rCorr   .          Rampage  .   (no gloves)
Will    .....                   e - +0 pair of boots
Stlth   ++........              (no amulet)
HPRegen 0.08/turn               (no ring)
MPRegen 0.13/turn               (no ring)

@: wreathed by umbra
A: no striking features
a: Renounce Religion


You were on level 3 of the Dungeon.
You worshipped Dithmenos.
Dithmenos was aware of your devotion.
You visited 1 branch of the dungeon, and saw 3 of its levels.

You collected 79 gold pieces.

Inventory:

Armour
 a - a +0 robe
 c - a +0 robe (worn)
 e - a +0 pair of boots (worn)
Scrolls
 d - a scroll of vulnerability {unknown}
 f - a scroll of identify {unknown}
 g - a scroll of fear {unknown}
Potions
 b - a potion of magic
 h - a potion of heal wounds {unknown}


   Skills:
 - Level 2.4 Dodging
 - Level 2.4 Stealth
 + Level 4.7 Spellcasting
 - Level 1.1 Transmutations
 + Level 4.5 Earth Magic


You had 2 spell levels left.
You knew the following spells:

 Your Spells              Type           Power      Damage    Failure   Level
a - Sandblast             Erth           50%        2d12      1%          1
b - Stone Arrow           Conj/Erth      30%        3d8       12%         3
c - Petrify               Tmut/Erth      17%        N/A       32%         4
z - Passwall              Tmut/Erth      14%        N/A       4%          2

Your spell library contained the following spells:

 Spells                   Type           Power      Damage    Failure   Level
 Ensorcelled Hibernation  Hex/Ice        10%        N/A       16%         2
 Swiftness                Air            5%         N/A       30%         3


Dungeon Overview and Level Annotations

Branches:
Dungeon (3/15)

Altars:
Dithmenos


Message History

You cannot tell which god this altar belongs to.
Convert to them anyway?
Dithmenos accepts your prayer! Dithmenos welcomes you!
You are shrouded in an aura of darkness!
A rat comes into view.
The blast of sand hits the rat!
You kill the rat!
Dithmenos accepts your kill.
You see here a rat corpse.
Found a stone staircase leading up.
A rat comes into view.
The rat barely misses you. The rat closely misses you.
The blast of sand hits the rat!
You kill the rat!
Dithmenos accepts your kill.
Things that are here:
a +2 short sword of venom; a +0 scale mail; the human corpse of Terence
There is a stone staircase leading down here.
You climb downwards.
Found a glowing amethyst potion, 4 silver javelins and 5 gold pieces.
Found an escape hatch in the floor.
There is a stone staircase leading up here.
The blast of sand hits the gnoll.
The gnoll is lightly wounded.
The gnoll shouts! x3
The gnoll closely misses you.
The gnoll hits you from afar with a +0 spear!
The endoplasm quivers.
You hear a shout! x3
Casting: Sandblast (safe; 1% risk of failure)
Confirm with . or Enter, or press ? or * to list all spells.
Aiming: Sandblast (safe; 1% risk of failure)
Press: ? - help, Shift-Dir - straight line, f/p - gnoll
Aim: a gnoll, wielding a +0 club (lightly wounded, umbra, 85% to hit)
The blast of sand hits the gnoll!
The gnoll is almost dead.
The gnoll barely misses you. The gnoll hits you but does no damage.
The gnoll closely misses you. The gnoll hits you with a +0 whip!
You die...

#. .. #. ## #.
. ##. .#
#####..##.#####
#.......g......
#......@.!..#
......g.....#
#.......g...#
#...(......##
#......J...#
#..........#
...$>......#
.####.##.###


You could see 3 gnolls and an endoplasm.

Vanquished Creatures
  Terence (D:2)
  An adder (D:2)
  2 dart slugs (D:1)
  A worm (D:2)
  3 bats
  2 endoplasms (D:1)
  2 goblins (D:2)
  3 hobgoblins
  7 jackals (D:1)
  A kobold (D:1)
  2 ball pythons
  A frilled lizard (D:1)
  7 rats
33 creatures vanquished.

Notes
Turn   | Place    | Note
-------+----------+-------------------------------------------
     0 | D:1      | Heoruswealwe the Deep Elf Earth Elementalist began the
                  | quest for the Orb.
     0 | D:1      | Reached XP level 1. HP: 10/10 MP: 6/6
   376 | D:1      | Reached XP level 2. HP: 15/15 MP: 6/8
   382 | D:1      | Learned a level 2 spell: Passwall
   967 | D:2      | Reached XP level 3. HP: 19/19 MP: 7/10
   971 | D:2      | Learned a level 3 spell: Stone Arrow
  1160 | D:2      | Noticed Terence
  1167 | D:2      | Killed Terence
  1168 | D:2      | Reached XP level 4. HP: 14/24 MP: 5/12
  1173 | D:2      | Learned a level 4 spell: Petrify
  1175 | D:2      | Found a faded altar of an unknown god.
  1184 | D:2      | Prayed at the altar of an unknown god.
  1184 | D:2      | Became a worshipper of Dithmenos the Shadowed
  1184 | D:2      | Reached * piety under Dithmenos
  1230 | D:3      | Slain by a gnoll

Illustrated notes

Levels and vault maps discovered:
D:1:      pf_arrival_petrified_forest, layout_loops_corners
D:2:      layout_loops_ring, hellmonk_ecumenical_altar_crossroads, uniq_terence
D:3:      layout_rooms, general_overflow_altar, lemuel_tele_altar

Skill      XL: |  1  2 |
---------------+-------+-----
Spellcasting   | 4 |  4.7
Earth Magic    | 4 |  4.5
Dodging        | |  2.4
Stealth        | |  2.4
Transmutations | |  1.1

Action                   |  1- 3 |  4- 6 || total
-------------------------+-------+-------++-------
 Cast: Sandblast         |    41 |     4 ||    45
Armor: Robe              |       |     1 ||     1
Dodge: Dodged            |     5 |     5 ||    10
